 Dungeon Crawl Stone Soup version 0.20-a0-754-g13ddd6e (webtiles) character file.

60709 Gorglomux the Destroyer (level 15, -1/93 HPs)
             Began as a Gargoyle Ice Elementalist on Feb 25, 2017.
             Was a High Priest of Sif Muna.
             Incinerated by a smoke demon (3 damage)
             ... with a sticky flame
             ... on level 2 of the Abyss.
             The game lasted 01:25:13 (29528 turns).

Gorglomux the Destroyer (GrIE)                     Turns: 29528, Time: 01:25:14

Health: -1/93      AC: 17    Str: 12    XL:     15   Next: 0%
Magic:  4/39       EV: 14    Int: 22    God:    Sif Muna [*****.]
Gold:   1438       SH:  0    Dex: 10    Spells: 13/37 levels left

rFire    . . .     SeeInvis .   P - +8 mithril axe "Arga" {speed, MR+}
rCold    + . .     Gourm    .   t - +0 robe of Pride {rC+ rCorr} (curse)
rNeg     + . .     Faith    +   (no shield)
rPois    ∞         Spirit   .   H - +2 hat
rElec    +         Reflect  .   e - scarf {repulsion}
rCorr    +         Harm     .   G - +1 pair of gloves {archery}
MR       ++++.                  (no boots)
Stlth    +.........             X - amulet of faith
Regen    0.3/turn               m - ring of protection from magic
MPRegen  0.3/turn               k - ring of magical power

@: liquid flames, glowing, divine energy, repel missiles
A: big wings, claws 1, magic resistance 1, negative energy resistance 1,
electricity resistance, unbreathing, petrification resistance, rot immunity, AC
+11
a: Fly, Stop Divine Energy, Channel Magic, Forget Spell, Renounce Religion


You were on level 2 of the Abyss.
You worshipped Sif Muna.
Sif Muna was extremely pleased with you.
You were not hungry.

You visited 3 branches of the dungeon, and saw 21 of its levels.
You visited the Abyss 1 time.

You collected 1438 gold pieces.

Inventory:

Hand Weapons
 P - the +8 mithril axe "Arga" (weapon) {speed, MR+}
   (You found it on level 4 of the Dungeon)

   Attacks with this weapon are significantly faster.
   It affects your resistance to hostile enchantments.
Missiles
 Z - a throwing net (quivered)
Armour
 a - a +0 robe
 e - a scarf of repulsion (worn)
 t - the cursed +0 robe of Pride (worn) {rC+ rCorr}
   (You found it on level 12 of the Dungeon)

   It protects you from cold.
   It protects you from acid and corrosion.
   It has a curse placed upon it.
 G - a +1 pair of gloves of archery (worn)
 H - a +2 hat (worn)
Jewellery
 c - an uncursed ring of protection from cold
 k - a ring of magical power (left hand)
 m - a ring of protection from magic (right hand)
 s - an uncursed ring of see invisible
 X - an amulet of faith (around neck)
Wands
 x - a wand of iceblast (9/15)
 E - a wand of enslavement (2/24)
 I - a wand of iceblast (10/15)
 O - a wand of clouds (0/9)
 S - a wand of scattershot (0/9)
Scrolls
 j - 2 scrolls of fear
 l - 2 scrolls of immolation
 n - 4 scrolls of amnesia
 y - 3 scrolls of enchant weapon
 A - 6 scrolls of remove curse
 B - a scroll of blinking
 C - 3 scrolls of enchant armour
 L - 3 scrolls of fog
 M - a scroll of magic mapping
 T - 5 scrolls of teleportation
 Y - 2 scrolls of recharging
Potions
 o - 2 potions of lignification
 v - a potion of mutation
 z - 2 potions of heal wounds
 D - 8 potions of curing
 F - 2 potions of agility
 J - a potion of brilliance
 K - a potion of invisibility
 R - a potion of flight {unknown}
 U - 6 potions of might
 V - 3 potions of berserk rage
Miscellaneous
 u - a lightning rod (2/4)
 W - 2 sacks of spiders
Comestibles
 w - 14 bread rations
 N - 2 fruits
 Q - 9 meat rations


   Skills:
 - Level 10.5 Fighting
 - Level 5.0 Dodging
 - Level 2.1 Stealth
 + Level 11.8 Spellcasting
 - Level 12.8 Conjurations
   Level 1.0 Hexes
 - Level 1.0 Charms
 - Level 5.0 Summonings
 - Level 11.6 Ice Magic
 + Level 8.4 Air Magic


You had 13 spell levels left.
You knew the following spells:

 Your Spells              Type           Power        Failure   Level  Hunger
a - Freeze                Ice            ####         1%          1    None
b - Bolt of Cold          Conj/Ice       ######....   6%          6    #####..
c - Throw Icicle          Conj/Ice       ######..     1%          4    None
d - Summon Ice Beast      Ice/Summ       #####...     1%          4    None
e - Freezing Cloud        Conj/Ice/Air   ######....   12%         6    #####..
h - Ozocubu's Armour      Chrm/Ice       #####...     1%          3    None


Dungeon Overview and Level Annotations

Branches:
Dungeon (14/15)            Temple (1/1) D:4            Lair (6/6) D:8
 Shoals (0/4) Lair:4       Spider (0/4) Lair:3        Slime (0/5) Lair:6
    Orc (0/2) D:11         Vaults (0/5) D:14

Altars:
Ashenzari
Cheibriados
Dithmenos
Elyvilon
Fedhas
Gozag
Hepliaklqana
Kikubaaqudgha
Makhleb
Nemelex Xobeh
Okawaru
Qazlal
Ru
Sif Muna
Trog
Uskayaw
Vehumet
Wu Jian
Xom
Yredelemnul
Zin
The Shining One
Jiyva

Shops:
D:9 =

Annotations:
Lair:2 exclusion: oklob plant


Innate Abilities, Weirdness & Mutations

You are resistant to torment.
Your stone body is resilient. (AC +11)
You are immune to poison.
Your large and strong wings let you fly indefinitely.
You resist negative energy. (rN+)
You are resistant to electric shocks. (rElec)
You can survive without breathing.
You are immune to petrification.
You are immune to rotting.
You have sharp fingernails.
You are resistant to hostile enchantments. (MR+)


Message History

You feel yourself speed up.
You hear a horrible gurgling sound! x3
The smoke demon gestures at you. The ball of steam hits you!
* * * LOW HITPOINT WARNING * * *
Evoke which item? (* to show all) (? for menu, Esc to quit)
Aiming: Thunderbolt
Press: ? - help, Shift-Dir - straight line, f/p - smoke demon
Aim: a smoke demon (moderately wounded)
The thunderbolt hits the smoke demon.
The smoke demon is severely wounded.
You are engulfed in a cloud of scalding steam.
You are covered in liquid flames!
* * * LOW HITPOINT WARNING * * *
The smoke demon gestures at you. Something smites you!
* * * LOW HITPOINT WARNING * * *
A starcursed mass comes into view.
You are covered in liquid flames!
You die...

.. .X. .......# .
##.###.#.....
..#.#....#...##
.##.....#......
..#..........###
.........#.§§§#
...........§.§§##
..#......>.§....#
.##....3#@..##
....######.#.#.#
..#. #X### .# .
#. #.. . . ##..
.. . . ... . . .
###. ##


You could see a starcursed mass (wandering).

Vanquished Creatures
  Snorg (D:13)
  A fire dragon (D:14)
  6 vault guards (D:14)
  2 hydras
  A centaur warrior (D:13)
  A two-headed ogre (D:11)
  A death knight (D:13)
  9 death yaks
  3 tengu warriors (D:14)
  Urug (D:11)
  Sonja (D:13)
  A fire crab (Lair:6)
  A deep elf archer (D:13)
  Pikel (D:8)
  2 oklob plants (Lair:6)
  3 manticores
  2 cyclopes
  4 elephants
  2 molten gargoyles (Lair:6)
  3 black mambas (Lair:6)
  2 torpor snails
  2 centaur skeletons
  A gargoyle (D:10)
  6 spiny frogs
  9 komodo dragons
  3 freezing wraiths
  An efreet (D:14)
  A troll (D:12)
  A hornet (D:9)
  2 blink frogs (Lair:4)
  7 dream sheep (Lair:6)
  A hippogriff (shapeshifter) (D:13)
  8 hippogriffs
  A meliai zombie (D:14)
  4 shadows
  A spriggan (D:7)
  2 wraiths
  A vampire (D:11)
  4 basilisks
  4 wyverns
  24 yaks
  A basilisk (shapeshifter) (D:13)
  3 hungry ghosts
  Menkaure (D:6)
  5 vampire mosquitoes
  An acid dragon (D:9)
  7 water moccasins
  4 hell hounds (Lair:6)
  3 porcupines
  4 ice beasts
  An eye of draining (D:12)
  6 orc warriors
  A phantom (D:12)
  2 sky beasts
  A black bear (Lair:4)
  2 necrophages
  4 ogres
  9 centaurs
  7 wolves
  6 crocodiles
  A big kobold (D:12)
  16 bullfrogs
  2 scorpions
  11 killer bees
  4 wights (D:6)
  4 howler monkeys
  3 electric eels
  3 bullfrog zombies
  5 centaur zombies
  6 crimson imps
  A quasit (D:6)
  3 lava snakes (Lair:6)
  7 orc priests
  A bullfrog skeleton (D:13)
  A gnoll shaman (D:5)
  7 hounds
  12 orc wizards
  An iguana (D:14)
  6 worker ants
  3 hound skeletons
  Robin (D:4)
  A worker ant zombie (D:11)
  8 gnolls
  11 adders
  2 shadow imps
  An adder skeleton (D:8)
  An adder zombie (D:5)
  5 worms
  2 dart slugs
  6 leopard geckos
  49 orcs
  6 bats
  6 giant cockroaches
  12 goblins
  6 hobgoblins
  12 jackals
  12 kobolds
  4 quokkas
  6 ball pythons
  A frilled lizard (D:1)
  A quokka zombie (D:5)
  3 rats
  A fungus (Lair:6)
  4 plants (Lair:6)
457 creatures vanquished.

Vanquished Creatures (collateral kills)
  Gastronok (Lair:1)
  A fire dragon (Lair:6)
  2 hydras
  3 two-headed ogres
  A sixfirhy (Abyss:2)
  An unseen horror (D:10)
  The ghost of Gorglomux the Cleaver, a novice HOMo of Uskayaw (D:5)
  An oklob plant (Lair:6)
  2 cyclopes
  An elephant (Lair:3)
  An ugly thing (D:11)
  A black mamba (Lair:6)
  A spiny frog (Lair:2)
  A molten gargoyle (Lair:6)
  The ghost of asdu the Insei, a novice OpCK of Xom (D:6)
  3 komodo dragons
  A polar bear (Lair:4)
  A hornet (D:9)
  Prince Ribbit (D:6)
  2 blink frogs (Lair:4)
  5 dream sheep (Lair:6)
  4 hippogriffs
  A meliai zombie (D:13)
  A wraith (D:11)
  8 yaks
  A basilisk (Lair:4)
  2 wyverns
  A vampire mosquito (D:14)
  3 water moccasins
  2 porcupines
  3 orc warriors
  A hell hound (Lair:6)
  An ice beast (D:10)
  7 wolves
  A crocodile (Lair:3)
  2 ogres
  A bullfrog (D:9)
  2 killer bees (D:10)
  A wight (D:6)
  2 crimson imps
  A lava snake (Lair:6)
  A hound (Lair:1)
  2 orc priests
  An iguana (D:10)
  2 worker ants (D:10)
  A killer bee zombie (D:8)
  3 adders
  An adder skeleton (D:9)
  2 leopard geckos
  7 orcs
  2 fungi
99 creatures vanquished.

Vanquished Creatures (others)
  15 fungi
  7 plants
22 creatures vanquished.

Grand Total: 578 creatures vanquished

Notes
Turn   | Place    | Note
-------+----------+-------------------------------------------
     0 | D:1      | Gorglomux the Gargoyle Ice Elementalist began the quest for the Orb.
     0 | D:1      | Reached XP level 1. HP: 10/10 MP: 3/3
   104 | D:1      | Reached XP level 2. HP: 12/15 MP: 1/5
   260 | D:1      | Learned a level 2 spell: Throw Frost
   688 | D:1      | Reached XP level 3. HP: 16/19 MP: 0/6
  1933 | D:3      | Reached XP level 4. HP: 20/24 MP: 7/7
  2211 | D:3      | Learned a level 4 spell: Throw Icicle
  2339 | D:3      | Reached XP level 5. HP: 21/28 MP: 5/8
  2717 | D:3      | Found a shattered altar of Ashenzari.
  2727 | D:3      | Reached skill level 6 in Ice Magic
  3025 | D:4      | Noticed an ogre
  3046 | D:4      | Killed an ogre
  3046 | D:4      | Reached XP level 6. HP: 32/32 MP: 5/9
  3387 | D:4      | Noticed Robin
  3392 | D:4      | Killed Robin
  3603 | D:4      | Reached XP level 7. HP: 35/36 MP: 11/11
  3614 | D:4      | Reached skill level 3 in Spellcasting
  3655 | D:4      | Found a staircase to the Ecumenical Temple.
  3669 | Temple   | Entered the Ecumenical Temple
  3897 | Temple   | Became a worshipper of Sif Muna the Loreminder
  4159 | D:4      | Found a shattered altar of Ashenzari.
  4354 | D:5      | Entered Level 5 of the Dungeon
  4494 | D:5      | Found a shimmering altar of Xom.
  4520 | D:4      | Learned a level 3 spell: Confuse
  4744 | D:5      | Noticed Gorglomux's ghost (novice HOMo)
  5230 | D:5      | Found a glowing silver altar of Zin.
  5279 | D:5      | Reached * piety under Sif Muna
  5286 | D:5      | Reached XP level 8. HP: 12/41 MP: 3/15
  5549 | D:5      | Learned a level 4 spell: Summon Ice Beast
  6051 | D:5      | Gained mutation: You are resistant to hostile enchantments. (MR+) [potion of mutation]
  6051 | D:5      | Gained mutation: You have sharp fingernails. [potion of mutation]
  6069 | D:5      | Killed Gorglomux's ghost
  6069 | D:5      | Reached skill level 2 in Conjurations
  6069 | D:5      | Reached skill level 1 in Summonings
  6359 | D:5      | Found a blossoming altar of Fedhas.
  6364 | D:5      | Found a glowing golden altar of the Shining One.
  6364 | D:5      | Found a radiant altar of Vehumet.
  6496 | D:6      | Reached skill level 3 in Conjurations
  6530 | D:6      | Noticed asdu's ghost (novice OpCK)
  6534 | D:6      | Noticed Prince Ribbit
  6539 | D:6      | Killed asdu's ghost
  6539 | D:6      | Reached ** piety under Sif Muna
  6545 | D:6      | Killed Prince Ribbit
  6545 | D:6      | Reached skill level 3 in Summonings
  6676 | D:6      | Reached skill level 4 in Conjurations
  6721 | D:6      | Reached XP level 9. HP: 39/45 MP: 16/16
  6726 | D:6      | Learned a level 3 spell: Ozocubu's Armour
  6882 | D:6      | You fall through a shaft!
  7010 | D:7      | Found a burning altar of Makhleb.
  7200 | D:6      | Found an opulent altar of Gozag.
  7218 | D:6      | Reached skill level 5 in Conjurations
  7230 | D:6      | Reached *** piety under Sif Muna
  7241 | D:6      | Noticed Menkaure
  7250 | D:6      | Killed Menkaure
  7250 | D:6      | Reached skill level 1 in Hexes
  7593 | D:6      | Reached skill level 1 in Charms
  8231 | D:7      | Found a bloodstained altar of Trog.
  8232 | D:7      | Found an iron altar of Okawaru.
  8355 | D:8      | Reached skill level 6 in Spellcasting
  8426 | D:8      | Reached skill level 6 in Conjurations
  8455 | D:8      | Found a staircase to the Lair.
  8501 | D:8      | Found a white marble altar of Elyvilon.
  8528 | D:8      | Reached **** piety under Sif Muna
  8968 | D:8      | Noticed a hand axe
  8968 | D:8      | Noticed a hand axe
  8991 | D:8      | Found a hide-covered altar of Uskayaw.
  8991 | D:8      | Noticed Pikel
  9022 | D:8      | Killed Pikel
  9022 | D:8      | Reached skill level 7 in Conjurations
  9022 | D:8      | Reached XP level 10. HP: 50/50 MP: 20/20
  9575 | D:9      | Reached ***** piety under Sif Muna
  9595 | D:9      | Reached skill level 8 in Conjurations
  9635 | D:9      | Found Faiza's Jewellery Emporium.
  9780 | D:9      | Noticed a two-headed ogre
  9790 | D:9      | Killed a two-headed ogre
  9790 | D:9      | Identified Uqoto's Incunabulum of Burning Lightness {god gift} (Sif Muna gifted it to you on level 9 of the Dungeon)
  9790 | D:9      | Received a gift from Sif Muna
  9790 | D:9      | Reached skill level 9 in Ice Magic
  9800 | D:9      | Learned a level 6 spell: Freezing Cloud
 10492 | D:9      | Reached skill level 1 in Air Magic
 10634 | D:10     | Entered Level 10 of the Dungeon
 11118 | D:10     | Noticed a gargoyle
 11124 | D:10     | Killed a gargoyle
 11124 | D:10     | Reached XP level 11. HP: 29/54 MP: 8/23
 11274 | D:10     | Noticed a two-headed ogre
 11284 | D:10     | Killed a two-headed ogre
 11284 | D:10     | Reached skill level 3 in Air Magic
 11344 | D:10     | Noticed a cyclops
 11370 | D:10     | Killed a cyclops
 11620 | D:10     | Killed an unseen horror
 11777 | D:10     | Noticed a two-headed ogre
 11782 | D:10     | Killed a two-headed ogre
 11782 | D:10     | Reached skill level 9 in Spellcasting
 12310 | Lair:1   | Entered Level 1 of the Lair of Beasts
 12757 | Lair:1   | Noticed Gastronok
 12770 | Lair:1   | Killed Gastronok
 12770 | Lair:1   | Identified Sif Muna's Catalogue of the Captivating Snowflakes {god gift} (Sif Muna gifted it to you on level 1 of the Lair of Beasts)
 12770 | Lair:1   | Received a gift from Sif Muna
 13614 | Lair:2   | Noticed an oklob plant
 15019 | Lair:3   | Reached XP level 12. HP: 49/59 MP: 10/25
 15145 | Lair:3   | Found a hole to the Spider Nest.
 15537 | Lair:3   | Noticed a four-headed hydra
 15544 | Lair:3   | Killed a four-headed hydra
 16164 | Lair:4   | Reached skill level 6 in Air Magic
 16580 | Lair:4   | Reached skill level 1 in Fighting
 16871 | Lair:4   | Found a staircase to the Shoals.
 17176 | Lair:5   | Reached skill level 3 in Fighting
 17402 | Lair:5   | You fall through a shaft!
 17402 | Lair:6   | Entered Level 6 of the Lair of Beasts
 17668 | Lair:5   | Reached skill level 9 in Conjurations
 18162 | Lair:5   | Noticed a six-headed hydra
 18168 | Lair:5   | Killed a six-headed hydra
 18465 | Lair:6   | Found a viscous altar of Jiyva.
 18465 | Lair:6   | Found a staircase to the Slime Pits.
 18493 | Lair:6   | Identified Naewucopt's Collected Works on Supportive Stones {god gift} (Sif Muna gifted it to you on level 6 of the Lair of Beasts)
 18493 | Lair:6   | Received a gift from Sif Muna
 18565 | Lair:6   | Noticed an eight-headed hydra
 18571 | Lair:6   | Killed an eight-headed hydra
 18571 | Lair:6   | Reached skill level 10 in Conjurations
 18610 | Lair:6   | Reached skill level 6 in Fighting
 18846 | Lair:6   | Reached XP level 13. HP: 75/75 MP: 20/27
 20022 | Lair:6   | Reached skill level 11 in Conjurations
 20346 | Lair:6   | HP: 3/78 [death yak (11)]
 21553 | Lair:6   | Reached skill level 9 in Fighting
 21854 | Lair:6   | Reached skill level 12 in Conjurations
 22126 | Lair:6   | Found a large runed door.
 22127 | Lair:6   | Found a large runed door.
 22136 | Lair:6   | Identified Sif Muna's Handbook of the Evil Snowflakes {god gift} (Sif Muna gifted it to you on level 6 of the Lair of Beasts)
 22136 | Lair:6   | Received a gift from Sif Muna
 22152 | Lair:6   | Learned a level 6 spell: Bolt of Cold
 22254 | Lair:6   | Noticed a fire dragon
 22264 | Lair:6   | Killed a fire dragon
 22820 | Lair:4   | HP: 4/83 [komodo dragon (27)]
 22821 | Lair:4   | Gained mutation: Your large and strong wings let you fly indefinitely. [Gargoyle growth]
 22821 | Lair:4   | Reached XP level 14. HP: 4/88 MP: 2/28
 23275 | Lair:1   | Upgraded the game from 0.20-a0-739-g6bb112f to 0.20-a0-754-g13ddd6e
 23540 | D:11     | Noticed Urug
 23555 | D:11     | Killed Urug
 24470 | D:11     | Found a staircase to the Orcish Mines.
 24962 | D:12     | Reached skill level 3 in Dodging
 25571 | D:12     | Got a smoking robe
 25582 | D:12     | Identified the cursed +0 robe of Pride {rC+ rCorr} (You found it on level 12 of the Dungeon)
 26114 | D:12     | Received a gift from Sif Muna
 27295 | D:13     | Noticed Sonja
 27301 | D:13     | Killed Sonja
 28529 | D:13     | Noticed Snorg
 28534 | D:13     | Killed Snorg
 29338 | D:14     | Found a gate to the Vaults.
 29347 | D:14     | Received a gift from Sif Muna
 29423 | D:14     | Cast into level 2 of the Abyss (vault guard)
 29517 | Abyss:2  | Reached XP level 15. HP: 22/93 MP: 6/30
 29527 | Abyss:2  | HP: 2/93 [smoke demon/divine providence (10)]
 29528 | Abyss:2  | Incinerated by a smoke demon

Vault maps used:
D:1:      dpeg_arrival_rooms_c
D:3:      cheibrodos_ashenzari_chains
D:4:      marbit_many_paths, temple_fountains, first_bread, st_stairs_6,
          uniq_robin
D:5:      xom_butterflies, minitemple, kennysheep_mini
D:6:      basic_altar, uniq_prince_ribbit1, uniq_menkaure
D:7:      grunt_temple_overflow_bloody_war, kennysheep_mini_moat, the_bakery
D:8:      lemuel_doored_altar, dancing_weapons_uskayaw, lair_entry_dummy,
          uniq_pikel
D:9:      corexii_hall_statues_u, kennysheep_windowed_goal
D:11:     david_orc_4, kennysheep_generic_room_15, uniq_urug
D:13:     minmay_dotted_concentric_squares, uniq_sonja, uniq_snorg
D:14:     erik_vaults_2, nicolae_water_bricks
Temple:   minmay_temple_curvy_loop
Lair:1:   uniq_gastronok
Lair:2:   small_statue_intersection, minmay_lair_oklob_bushes,
          guppyfry_lair_drakes, serial_bayou_shore_a
Lair:3:   spider_nest_entry_web_field
Lair:4:   minmay_shoals_entry_centaurs, grunt_megastairs_4, lemuel_fruit_tree
Lair:6:   cheibrodos_lair_end_hotspot, slime_altar_1, dpeg_oklob_1,
          infiniplex_staircase_pool
Abyss:2:  hangedman_summoners_spam

Skill      XL: |  1  2  3  4  5  6  7  8  9 10 11 12 13 14 |
---------------+-------------------------------------------+-----
Ice Magic      | 4 5 6 7 8 9 11 | 11.6
Spellcasting   | 5 6 8 9 10 11 | 11.8
Conjurations   | 4 7 8 10 12 | 12.8
Summonings     | 3 4 5 |  5.0
Hexes          | 1 |  1.0
Charms         | 1 |  1.0
Air Magic      | 2 5 6 8 |  8.4
Fighting       | 6 10 | 10.5
Dodging        | 5 |  5.0
Stealth        | |  2.1

Action                   |  1- 3 |  4- 6 |  7- 9 | 10-12 | 13-15 || total
-------------------------+-------+-------+-------+-------+-------++-------
Melee: Unarmed           |    12 |       |       |       |       ||    12
       Whip              |    62 |   110 |       |       |       ||   172
       Broad axe         |       |       |   176 |   235 |   140 ||   551
Throw: Throwing net      |       |       |       |       |     1 ||     1
 Cast: Freeze            |    19 |    67 |    40 |    35 |    21 ||   182
       Throw Frost       |    24 |    28 |    19 |     6 |       ||    77
       Confuse           |       |       |     4 |       |       ||     4
       Summon Ice Beast  |       |       |    43 |   137 |    87 ||   267
       Throw Icicle      |       |       |    17 |   111 |   214 ||   342
       Ozocubu's Armour  |       |       |     2 |    11 |     9 ||    22
       Freezing Cloud    |       |       |       |    12 |    45 ||    57
       Bolt of Cold      |       |       |       |       |    26 ||    26
Invok: Divine Energy     |       |       |     1 |       |       ||     1
       Forget Spell      |       |       |       |     2 |       ||     2
       Channel Magic     |       |       |       |       |     2 ||     2
Evoke: Wand              |       |       |       |       |     4 ||     4
       Sack of spiders   |       |       |       |       |     6 ||     6
       Lightning rod     |       |       |       |       |     6 ||     6
  Use: Scroll            |     1 |     3 |    10 |     5 |     8 ||    27
       Potion            |       |       |     2 |     2 |     2 ||     6
 Stab: Sleeping          |     3 |     3 |     3 |     1 |       ||    10
       Distracted        |       |       |     1 |     2 |     2 ||     5
  Eat: Chunk             |     1 |    10 |    23 |    52 |    43 ||   129
       Bread ration      |     1 |       |       |       |       ||     1
       Meat ration       |       |       |     1 |       |     3 ||     4
       Fruit             |       |       |       |     2 |    15 ||    17
       Royal jelly       |       |       |       |     1 |     2 ||     3
Armor: Robe              |    33 |    61 |    78 |   164 |   164 ||   500
       Skin              |       |       |       |    17 |       ||    17
Dodge: Dodged            |    61 |   124 |   142 |   196 |   188 ||   711
       Deflected         |     1 |     2 |       |       |    12 ||    15
